 Dungeon Crawl Stone Soup version 0.17-a0-995-gb5fa8d7 (webtiles) character file.

5931 Maka the Severer (level 10, -8/88 HPs)
             Began as a Hill Orc Gladiator on May 12, 2015.
             Was a Priest of Qazlal.
             Mangled by a large abomination (12 damage)
             ... on level 12 of the Dungeon.
             The game lasted 00:27:07 (8635 turns).

Maka the Severer (Hill Orc Gladiator)               Turns: 8635, Time: 00:27:08

Health: -8/88      AC: 15    Str: 19    XL:     10   Next: 83%
Magic:  20/20      EV: 11    Int:  8    God:    Qazlal [***...]
Gold:   518        SH:  4    Dex: 14    Spells: 0 memorised, 9 levels left

rFire  . . .     SeeInvis .     a - +1 war axe
rCold  + . .     Clarity  +     v - +0 scale mail
rNeg   . . .     SustAb   .     (no shield)
rPois  .         Gourm    .     c - +1 helmet
rElec  .         Spirit   .     y - +0 cloak
rCorr  .         Warding  .     H - +0 pair of gloves
rMut   .         Stasis   .     n - +0 pair of boots
MR     .....                    K - amulet of clarity
Stlth  ..........               M - ring of magical power
                                f - ring of protection from cold

@: about to teleport, not resistant to hostile enchantments, extremely
unstealthy
A: no striking features
a: Upheaval, Elemental Force, Renounce Religion


You were on level 12 of the Dungeon.
You worshipped Qazlal.
Qazlal was most pleased with you.
You were not hungry.

You visited 2 branches of the dungeon, and saw 11 of its levels.

You collected 518 gold pieces.

Inventory:

Hand weapons
 a - a +1 war axe (weapon)
 F - a +0 battleaxe
Missiles
 d - 2 throwing nets (quivered)
 h - 4 tomahawks
Armour
 c - a +1 helmet (worn)
 n - a +0 pair of boots (worn)
 v - a +0 scale mail (worn)
 y - a +0 cloak (worn)
 H - a +0 pair of gloves (worn)
Jewellery
 f - a ring of protection from cold (left hand)
 l - an uncursed ring of flight
 p - an uncursed ring of ice
 E - an uncursed ring of stealth
 I - an uncursed amulet of resist mutation {unknown}
 K - an amulet of clarity (around neck)
 L - the ring "Comeid" {rC+ MP+9 Int+2 Stlth-}
   (You found it on level 12 of the Dungeon)

   [ring of loudness]

   It affects your intelligence (+2).
   It protects you from cold.
   It affects your magic capacity (+9).
   It makes you less stealthy.
 M - a ring of magical power (right hand)
 N - an uncursed ring of see invisible {unknown}
Magical devices
 q - a wand of enslavement (0)
 r - a wand of random effects (27)
 G - a wand of confusion (29)
Scrolls
 b - 5 scrolls of remove curse
 g - 2 scrolls of enchant armour
 i - a scroll of fog
 s - a scroll of brand weapon {unknown}
 D - a scroll of recharging
Potions
 j - a potion of lignification
 k - 3 potions of curing
 m - a potion of magic
 t - a potion of flight
 u - 2 potions of beneficial mutation
 w - 2 potions of brilliance
 z - 4 potions of cure mutation
 B - a potion of resistance {unknown}
 C - a potion of haste {unknown}
Comestibles
 e - 6 bread rations
 x - a royal jelly
 A - a meat ration
 J - 8 slices of pizza


   Skills:
 - Level 8.0 Fighting
 - Level 15.0 Axes
 - Level 2.0 Throwing
 + Level 9.1 Armour
 - Level 2.4 Dodging
 - Level 2.1 Invocations


You had 9 spell levels left.
You didn't know any spells.

Dungeon Overview and Level Annotations

Branches:
Dungeon (12/15)            Temple (1/1) D:5
   Lair: D:8-11         Orc: D:9-12

Altars:
Cheibriados
Dithmenos
Elyvilon
Fedhas
Kikubaaqudgha
Nemelex Xobeh
Qazlal
Ru
Trog
Vehumet
Xom


Message History

You are too injured to fight recklessly!
You barely miss the large abomination.
The large abomination is heavily damaged.
Read which item? (? for menu, Esc to quit)
As you read the scroll of teleportation, it crumbles to dust.
You feel strangely unstable.
The large abomination hits you but does no damage.
You hit the large abomination but do no damage.
The large abomination is heavily damaged.
The large abomination hits you!!
* * * LOW HITPOINT WARNING * * *
You hit the large abomination.
The large abomination is severely damaged.
You barely miss the large abomination.
The large abomination is severely damaged.
The large abomination barely misses you.
You barely miss the large abomination.
The large abomination is severely damaged.
The large abomination hits you!
You die...

. ..
..
...
#####
#..|#
#)..#
#)@(#
##X##


XxX #xxx# +Xxx# #xX.# ##### You could see 5 large abominations and 7 small
abominations.

Vanquished Creatures
  Fannar (D:12)
  An ugly thing (D:8)
  A troll (D:8)
  Grinder (D:3)
  A two-headed ogre (D:9)
  A human (D:7)
  A hungry ghost (D:8)
  Duvessa (D:5)
  2 phantoms
  4 ogres
  A black bear (D:7)
  An orc warrior (D:6)
  A sky beast (D:5)
  6 centaurs
  3 ice beasts
  The ghost of oplop the Firebug, an average TeFE (D:3)
  A gnoll sergeant (D:8)
  5 giant frogs
  Dowan (D:5)
  3 killer bees (D:7)
  3 scorpions
  3 crimson imps
  4 centaur zombies
  2 jellies (D:7)
  2 iguanas
  2 giant frog zombies
  4 worker ants
  A giant frog skeleton (D:7)
  7 hounds
  3 orc priests
  3 orc wizards
  4 sheep (D:7)
  2 hound zombies (D:4)
  3 hound skeletons
  2 worker ant zombies
  13 adders
  8 gnolls
  3 shadow imps
  2 oozes (D:1)
  An adder zombie (D:9)
  An adder skeleton (D:4)
  6 worms
  5 giant geckos
  32 orcs
  2 ball pythons
  3 bat skeletons
  2 bat zombies
  12 giant cockroaches
  11 hobgoblins
  6 jackals
  6 quokkas
  A ball python skeleton (D:4)
  12 bats
  A giant cockroach zombie (D:4)
  3 giant gecko skeletons
  4 giant newts
  A giant spore (D:6)
  9 goblins
  A jackal skeleton (D:4)
  14 kobolds
  A quokka zombie (D:4)
  15 rats
  12 ballistomycetes (D:6)
269 creatures vanquished.

Notes
Turn   | Place    | Note
--------------------------------------------------------------
     0 | D:1      | Maka the Hill Orc Gladiator began the quest for the Orb.
     0 | D:1      | Reached XP level 1. HP: 18/18 MP: 1/1
    45 | D:1      | Reached XP level 2. HP: 20/25 MP: 2/2
   123 | D:1      | Reached skill level 5 in Axes
   408 | D:1      | Reached XP level 3. HP: 25/30 MP: 3/3
   821 | D:2      | Reached skill level 6 in Axes
   938 | D:2      | Reached skill level 1 in Armour
   986 | D:2      | Reached XP level 4. HP: 34/37 MP: 4/4
  1547 | D:3      | Reached XP level 5. HP: 42/42 MP: 5/5
  1605 | D:3      | Noticed Grinder
  1616 | D:3      | Paralysed by Grinder for 5 turns
  1622 | D:3      | Killed Grinder
  1622 | D:3      | Reached skill level 8 in Axes
  1622 | D:3      | Reached XP level 6. HP: 16/50 MP: 6/6
  2039 | D:3      | Noticed oplop's ghost (average TeFE)
  2290 | D:3      | Killed oplop's ghost
  2290 | D:3      | Reached XP level 7. HP: 21/57 MP: 7/7
  2739 | D:4      | Reached skill level 5 in Fighting
  3002 | D:4      | Reached skill level 9 in Axes
  3083 | D:4      | Reached XP level 8. HP: 40/68 MP: 8/8
  3296 | D:4      | Reached skill level 10 in Axes
  3719 | D:5      | Entered Level 5 of the Dungeon
  3779 | D:4      | Reached skill level 5 in Armour
  4195 | D:5      | Found a staircase to the Ecumenical Temple.
  4204 | Temple   | Entered the Ecumenical Temple
  4226 | Temple   | Became a worshipper of Qazlal Stormbringer
  4675 | D:5      | Reached skill level 11 in Axes
  4885 | D:6      | Noticed Duvessa
  4886 | D:6      | Noticed Dowan
  4906 | D:5      | Killed Duvessa
  4906 | D:5      | Acquired Qazlal's first power
  4906 | D:5      | Reached XP level 9. HP: 51/74 MP: 9/9
  4921 | D:5      | Killed Dowan
  4921 | D:5      | Reached skill level 12 in Axes
  5846 | D:6      | Acquired Qazlal's second power
  5925 | D:6      | Found a shimmering altar of Xom.
  6164 | D:7      | Reached skill level 13 in Axes
  6396 | D:7      | Found a sacrificial altar of Ru.
  6548 | D:7      | Reached XP level 10. HP: 65/88 MP: 11/11
  6848 | D:7      | Reached skill level 14 in Axes
  7224 | D:8      | Acquired Qazlal's third power
  7309 | D:8      | Noticed a cyan ugly thing
  7322 | D:8      | Killed a cyan ugly thing
  7322 | D:8      | Reached skill level 15 in Axes
  7496 | D:8      | Found a bloodstained altar of Trog.
  8178 | D:9      | Found a snail-covered altar of Cheibriados.
  8179 | D:9      | You fall through a shaft for 3 floors!
  8179 | D:12     | Noticed Fannar
  8211 | D:12     | Killed Fannar
  8268 | D:12     | Noticed a manticore
  8292 | D:12     | Got a brightly glowing platinum ring
  8306 | D:12     | Identified the ring "Comeid" {rC+ MP+9 Int+2 Stlth-} (You found it on level 12 of the Dungeon)
  8624 | D:12     | Noticed a large abomination
  8624 | D:12     | Noticed a large abomination
  8632 | D:12     | HP: 4/88 [large abomination (19)]
  8635 | D:12     | Mangled by a large abomination

Vault maps used:
D:1:      erik_arrival_gehennom, minmay_parallelograms, serial_bayou_lake_a
D:3:      uniq_grinder
D:4:      serial_undead, serial_undead_d, serial_undead_d, serial_undead_f,
          serial_undead_b
D:5:      minmay_temple_entry_glass, first_bread, kennysheep_crisscross
D:6:      kennysheep_mini_moat, uniq_duvessa
D:7:      nicolae_ru_great_annihilating_truth, grunt_livestock,
          minmay_misc_feat_room
D:8:      old_standard_altar
D:9:      slow_altar_1, erik_lair_dragon
D:12:     minivault_14, kennysheep_decorative_pillar, laboratory, uniq_fannar
Temple:   eino_wide_crystal_templ_15

Action                   |  1- 3 |  4- 6 |  7- 9 | 10-12 || total
-------------------------+-------+-------+-------+-------++-------
Melee: War axe           |   106 |   141 |   517 |   211 ||   975
       Battleaxe         |       |       |    44 |       ||    44
Throw: Tomahawk          |       |       |    10 |       ||    10
       Throwing net      |       |       |       |     2 ||     2
  Use: Scroll            |       |    13 |     8 |     7 ||    28
       Potion            |       |       |     2 |     3 ||     5
 Stab: Sleeping          |     1 |       |       |       ||     1
       Invisible         |       |       |     1 |       ||     1
       Paralysed         |       |       |     1 |       ||     1
       Held in net/web   |       |       |       |     2 ||     2
  Eat: Chunk             |       |     2 |     9 |     3 ||    14
       Fruit             |       |     3 |       |       ||     3
       Beef jerky        |       |     1 |     2 |     3 ||     6
       Royal jelly       |       |       |     1 |       ||     1
